 Dungeon Crawl Stone Soup version 0.16.1 (webtiles) character file.

385 Hedron the Firebug (level 6, 0/32 HPs)
             Began as a Deep Elf Fire Elementalist on Mar 23, 2015.
             Slain by RobertPalmer's ghost (3 damage)
             ... on level 4 of the Dungeon.
             The game lasted 00:13:16 (3594 turns).

Hedron the Firebug (Deep Elf Fire Elementalist)     Turns: 3594, Time: 00:13:18

Health: 0/32       AC:  2    Str: 11    XL:     6   Next: 48%
Magic:  3/20       EV: 13    Int: 21    God:
Gold:   174        SH:  0    Dex: 15    Spells: 5 memorised, 1 level left

rFire  . . .     SeeInvis .     i - +1 dagger (venom)
rCold  . . .     Clarity  .     a - +0 robe
rNeg   . . .     SustAb   .     (no shield)
rPois  .         Gourm    .     (no helmet)
rElec  .         Spirit   .     (no cloak)
rCorr  .         Warding  .     (no gloves)
rMut   .         Stasis   .     (no boots)
MR     .....                    (no amulet)
Stlth  ++........               (no ring)
                                h - +5 ring of strength

@: very slightly contaminated, not resistant to hostile enchantments, unstealthy
A: no striking features
a: no special abilities


You were on level 4 of the Dungeon.
You were not hungry.

You visited 1 branch of the dungeon, and saw 4 of its levels.

You collected 174 gold pieces.

Inventory:

Hand weapons
 i - a +1 dagger of venom (weapon)
Missiles
 g - 38 stones (quivered)
Armour
 a - a +0 robe (worn)
Jewellery
 h - a +5 ring of strength (left hand)
Magical devices
 q - a wand of random effects (35)
Scrolls
 p - a scroll of identify
 r - 2 scrolls of teleportation {unknown}
Potions
 e - 2 potions of agility
 k - a potion of cancellation
 m - a potion of haste
 n - a potion of might
Books
 b - a book of Flames

   Spells                             Type                      Level
   a - Flame Tongue                   Conjuration/Fire             1
   b - Throw Flame                    Conjuration/Fire             2
   c - Conjure Flame                  Conjuration/Fire             3
   d - Inner Flame                    Hexes/Fire                   3
   e - Sticky Flame                   Conjuration/Fire             4
   f - Fireball                       Conjuration/Fire             5
Comestibles
 c - 3 bread rations
 j - 4 chunks of flesh
 l - a beef jerky
 o - a meat ration
 s - a slice of pizza


   Skills:
 - Level 2.4 Dodging
 - Level 2.4 Stealth
 + Level 4.8 Spellcasting
 + Level 3.6 Conjurations
 - Level 2.5 Hexes
 * Level 5.9 Fire Magic


You had one spell level left.
You knew the following spells:

 Your Spells              Type           Power        Failure   Level  Hunger
a - Flame Tongue          Conj/Fire      ####.        1%          1    None
b - Throw Flame           Conj/Fire      ####..       1%          2    None
c - Conjure Flame         Conj/Fire      ####....     4%          3    ##.....
d - Inner Flame           Hex/Fire       ###.....     10%         3    ##.....
e - Sticky Flame          Conj/Fire      ####....     17%         4    ####...


Dungeon Overview and Level Annotations

Branches:
Dungeon (4/15)
 Temple: D:4-7

Altars:
Ashenzari
Fedhas
Kikubaaqudgha

Annotations:
D:4 RobertPalmer's ghost, average OpSu


Message History

The river rat bites you.
* * * LOW HITPOINT WARNING * * *
Drink which item? (? for menu, Esc to quit)
You feel better. The bat hits you. The rat misses you.
RobertPalmer's ghost hits you. The iron imp barely misses you.
The bat hits you. The rat closely misses you. The crimson imp hits you.
* * * LOW HITPOINT WARNING * * *
The river rat bites you.
* * * LOW HITPOINT WARNING * * *
Drink which item? (? for menu, Esc to quit)
Okay, then.
Read which item? (? for menu, Esc to quit)
As you read the scroll of fear, it crumbles to dust.
You assume a fearsome visage.
The iron imp is unaffected.
The bat looks frightened!
The crimson imp is unaffected.
The crimson imp is unaffected.
The river rat looks frightened!
The rat looks frightened! x2
RobertPalmer's ghost is unaffected.
The crimson imp blinks!
RobertPalmer's ghost hits you.
You die...

... ..........
...........
#.......!... .###
##............
...####..b..........
#..........r......(
#..........r...§...
##........@W$..#
#.(.(....r55..##
##.†###.......##
##..## ##......#
##..## #......#
###..## #........
#...## ..........
##..## #.........
#...# #.........


You could see an iron imp, RobertPalmer's ghost, a crimson imp, a river rat
(fleeing), a bat (fleeing) and 2 rats.

Vanquished Creatures
  An ogre (D:4)
  Sigmund (D:2)
  An orc wizard (D:4)
  Natasha (thrice) (D:3)
  An orc priest (D:4)
  A worker ant (D:4)
  5 adders
  A giant mite (D:4)
  3 worms
  3 oozes
  2 orcs (D:4)
  7 bats
  A giant cockroach (D:3)
  5 hobgoblins
  3 jackals (D:1)
  2 giant newts
  5 goblins
  9 kobolds
  8 rats
62 creatures vanquished.

Notes
Turn   | Place    | Note
--------------------------------------------------------------
     0 | D:1      | Hedron, the Deep Elf Fire Elementalist, began the quest for the Orb.
     0 | D:1      | Reached XP level 1. HP: 10/10 MP: 5/5
   507 | D:1      | Reached XP level 2. HP: 15/15 MP: 1/8
   571 | D:1      | Learned a level 2 spell: Throw Flame
  1007 | D:2      | Reached skill level 4 in Fire Magic
  1102 | D:2      | Reached XP level 3. HP: 19/19 MP: 5/11
  1153 | D:2      | Learned a level 3 spell: Conjure Flame
  1309 | D:2      | Learned a level 3 spell: Inner Flame
  1745 | D:2      | Reached XP level 4. HP: 24/24 MP: 12/14
  1849 | D:2      | Found an ancient bone altar of Kikubaaqudgha.
  1850 | D:2      | Found a blossoming altar of Fedhas.
  1865 | D:2      | Noticed Sigmund
  1873 | D:2      | Killed Sigmund
  1873 | D:2      | Reached skill level 1 in Hexes
  1873 | D:2      | Reached skill level 5 in Fire Magic
  1873 | D:2      | Reached XP level 5. HP: 5/28 MP: 8/17
  2398 | D:3      | Noticed Natasha
  2399 | D:3      | Found a shattered altar of Ashenzari.
  2402 | D:3      | Killed Natasha
  2403 | D:3      | Noticed a phantom
  2723 | D:3      | Noticed Natasha
  2727 | D:3      | Killed Natasha
  3249 | D:3      | Noticed Natasha
  3249 | D:3      | Killed Natasha
  3272 | D:4      | Noticed an ogre
  3280 | D:4      | Killed an ogre
  3280 | D:4      | Reached XP level 6. HP: 30/32 MP: 12/20
  3317 | D:4      | Noticed an ogre
  3366 | D:4      | Learned a level 4 spell: Sticky Flame
  3575 | D:4      | Noticed RobertPalmer's ghost (average OpSu)
  3594 | D:4      | Slain by RobertPalmer's ghost

Action                   |  1- 3 |  4- 6 || total
-------------------------+-------+-------++-------
Melee: Dagger            |    12 |     4 ||    16
 Cast: Flame Tongue      |    37 |    85 ||   122
       Throw Flame       |     1 |     1 ||     2
       Sticky Flame      |       |     2 ||     2
  Use: Scroll            |     9 |     4 ||    13
       Potion            |       |     1 ||     1
 Stab: Sleeping          |     3 |       ||     3
       Distracted        |     1 |       ||     1
  Eat: Chunk             |     2 |     6 ||     8
